 Dungeon Crawl Stone Soup version 0.30.1-4-g462c640d31 (webtiles) character file.

Game seed: 4598563584002286732

170 HagarQim the Digger (level 5, -3/29 HPs)
             Began as a Gargoyle Earth Elementalist on Aug 27, 2023.
             Killed from afar by Ijyb (18 damage)
             ... with a bolt of light
             ... on level 4 of the Dungeon.
             The game lasted 00:07:10 (1796 turns).

HagarQim the Digger (Gargoyle Earth Elementalist)   Turns: 1796, Time: 00:07:11

Health: -3/29      AC:  7    Str: 11    XL:     5   Next: 51%
Magic:  6/9        EV: 12    Int: 18    God:
Gold:   84         SH:  0    Dex: 10    Spells: 5/9 levels left

rFire   . . .        j - +2 short sword (drain)
rCold   . . .        (no shield)
rNeg    + . .        a - +0 robe
rPois   ∞            o - +0 helmet
rElec   +            (no cloak)
rCorr   .            (no gloves)
SInv    .            (no boots)
Will    .....        (no amulet)
Stlth   ++           (no ring)
HPRegen 0.24/turn    (no ring)
MPRegen 0.11/turn

%: no passive effects
@: very slightly contaminated
A: sickness immunity, AC +4, negative energy resistance 1, electricity
resistance, torment resistance 1, petrification resistance
a: no special abilities


You were on level 4 of the Dungeon.
You visited 1 branch of the dungeon, and saw 4 of its levels.

You collected 84 gold pieces.

Inventory:

Hand Weapons
 d - a +0 dagger
 g - a +1 short sword of speed
 j - a +2 short sword of draining (weapon)
 m - a +2 dagger of draining
Armour
 a - a +0 robe (worn)
 o - a +0 helmet (worn)
Jewellery
 l - a ring of ice
Scrolls
 f - 2 scrolls of teleportation {unknown}
 h - 2 scrolls of blinking {unknown}
Potions
 b - a potion of magic
 c - 2 potions of lignification {unknown}
 e - 3 potions of curing {unknown}
 i - a potion of berserk rage {unknown}
 k - 2 potions of heal wounds {unknown}
 n - a potion of brilliance {unknown}
 p - a potion of attraction {unknown}


   Skills:
 + Level 1.0 Fighting
 + Level 2.0 Short Blades
 - Level 1.8 Dodging
 + Level 2.9 Stealth
 + Level 2.8 Spellcasting
 * Level 1.5 Conjurations
 + Level 0.7 Transmutations
 + Level 4.6 Earth Magic


You had 5 spell levels left.
You knew the following spells:

 Your Spells              Type           Power      Damage    Failure   Level
a - Sandblast             Erth           38%        2d10      2%          1
b - Stone Arrow           Conj/Erth      26%        3d8       14%         3

Your spell library contained the following spells:

 Spells                   Type           Power      Damage    Failure   Level
 Passwall                 Tmut/Erth      10%        N/A       9%          2
 Petrify                  Tmut/Erth      12%        N/A       50%         4


Dungeon Overview and Level Annotations

Branches:
Dungeon (4/15)
 Temple: D:4-7

Altars:
Elyvilon
Uskayaw

Annotations:
D:3 Sigmund
D:4 Ijyb


Innate Abilities, Weirdness & Mutations

You are immune to sickness and miasma.
Your stone body is resilient. (AC +4)
You are immune to poison.
You resist negative energy. (rN+)
You are resistant to electric shocks. (rElec)
You are resistant to unholy torment.
You are immune to petrification.


Message History

The hound bites you but does no damage.
Casting: Sandblast (safe; 2% risk of failure)
Confirm with . or Enter, or press ? or * to list all spells.
You don't know that spell.
Sorry, you're not good enough to have a special ability.
The hound bites you but does no damage. x2
The dart slug launches a dart at you. The slug dart hits you.
Unknown command.
Casting: Sandblast (safe; 2% risk of failure)
Confirm with . or Enter, or press ? or * to list all spells.
Aiming: Sandblast (safe; 2% risk of failure)
Press: ? - help, Shift-Dir - straight line, f/p - hound
Aim: a hound (lightly wounded, 75% to hit)
You miscast Sandblast.
You are very lightly contaminated with residual magic.
Nothing appears to happen.
The hound bites you.
Ijyb the Twisted Goblin comes into view.
She is wielding a +0 club, wearing a +3 leather armour of positive energy and carrying a wand of light (7).
The hobgoblin hits you but does no damage.
Casting: Sandblast (safe; 2% risk of failure)
Confirm with . or Enter, or press ? or * to list all spells.
Aiming: Sandblast (safe; 2% risk of failure)
Press: ? - help, Shift-Dir - straight line, f/p - hound
Aim: a hound (lightly wounded, 75% to hit)
The blast of sand hits the hound!
The hound is severely wounded.
The hound bites you but does no damage. x2
Ijyb grins evilly.
The hobgoblin closely misses you. The hound barely misses you.
You hit the dart slug.
The dart slug is moderately wounded.
The hound bites you. The dart slug launches a dart at you.
The slug dart hits you but does no damage.
You hit the dart slug.
The dart slug is severely wounded.
The hound bites you but does no damage.
Ijyb zaps a wand.
The bolt of light hits you!!
Ouch! That really hurt!
You die...

#..........
#...........
..........#
##........##.
#............
#<...........
#............
#...hw.......
#....@.......
##...g....##.
#...........
......#.###..
..........# .
...g.....###
.........#
.....#####


You could see Ijyb, a hound, a dart slug and a hobgoblin.

Vanquished Creatures
  Robin (D:2)
  3 gnolls (D:2)
  6 adders (D:2)
  3 dart slugs
  4 endoplasms
  3 giant cockroaches (D:1)
  9 goblins
  12 hobgoblins
  4 jackals (D:1)
  6 ball pythons
  6 bats
  4 frilled lizards
  4 kobolds
  3 rats (D:1)
68 creatures vanquished.

Notes
Turn   | Place    | Note
-------+----------+-------------------------------------------
     0 | D:1      | HagarQim the Gargoyle Earth Elementalist began the quest
                  | for the Orb.
     0 | D:1      | Reached XP level 1. HP: 10/10 MP: 3/3
   156 | D:1      | Reached XP level 2. HP: 15/15 MP: 3/5
   240 | D:1      | Reached skill level 4 in Earth Magic
   607 | D:1      | Reached XP level 3. HP: 15/19 MP: 6/6
   981 | D:1      | Found a faded altar of an unknown god.
  1195 | D:2      | Learned a level 3 spell: Stone Arrow
  1205 | D:2      | Reached skill level 1 in Short Blades
  1267 | D:2      | Found a white marble altar of Elyvilon.
  1274 | D:2      | Reached XP level 4. HP: 24/24 MP: 7/7
  1447 | D:2      | Reached skill level 1 in Conjurations
  1579 | D:2      | Reached XP level 5. HP: 26/28 MP: 7/9
  1584 | D:2      | Reached skill level 1 in Fighting
  1587 | D:2      | Noticed Robin
  1598 | D:2      | Killed Robin
  1746 | D:3      | Noticed a +0 hand axe
  1746 | D:3      | Noticed a +0 hand axe
  1746 | D:3      | Found a hide-covered altar of Uskayaw.
  1763 | D:3      | Noticed Sigmund
  1793 | D:4      | Noticed Ijyb
  1796 | D:4      | Killed from afar by Ijyb

Illustrated notes

Levels and vault maps discovered:
D:1:      kennysheep_arrival_seaside, layout_basic,
          shapermc_ecumenical_altar_venn, minmay_pentomino_t2
D:2:      layout_rooms, basic_altar, uniq_robin
D:3:      layout_basic, dancing_weapons_uskayaw,
          nicolae_overflow_hallway_of_the_gods, serial_shops, shop,
          kennysheep_generic_room_13, uniq_sigmund
D:4:      layout_rooms, riverfiend_overflow_shadow_ancestor,
          minmay_temple_entry_waves, uniq_ijyb

Skill      XL: |  1  2  3  4  5 |
---------------+----------------+-----
Earth Magic    | 4 |  4.6
Short Blades   | 1 2 |  2.0
Conjurations   | 1 |  1.5
Fighting       | 1 |  1.0
Dodging        | |  1.8
Stealth        | |  2.9
Spellcasting   | |  2.8
Transmutations | |  0.7

Action                     |  1- 3 |  4- 6 || total
---------------------------+-------+-------++-------
  Melee: Unarmed           |     9 |       ||     9
         Dagger            |    18 |       ||    18
         Short sword       |    74 |    86 ||   160
   Cast: Sandblast         |    26 |    15 ||    41
   Stab: Sleeping          |     3 |     3 ||     6
 Armour: Robe              |    22 |    35 ||    57
  Dodge: Dodged            |    63 |    67 ||   130
